 Dungeon Crawl Stone Soup version 0.27-a0-1181-g5f64966fcc (webtiles) character file.

Game seed: 3984607997366323670

41103 leviel the Severer (level 13, -1/119 HPs)
             Began as a Minotaur Fighter on May 17, 2021.
             Was a High Priest of Ru.
             Slain by a 15-headed hydra (2 damage)
             ... on level 2 of the Lair of Beasts.
             The game lasted 00:33:47 (16715 turns).

leviel the Severer (Minotaur Fighter)              Turns: 16715, Time: 00:33:49

Health: -1/119     AC: 19    Str: 26    XL:     13   Next: 78%
Magic:  12/12      EV:  7    Int:  6    God:    Ru [*****.]
Gold:   954        SH: 13    Dex: 12    Spells: 12/12 levels left

rFire    . . .     SeeInvis +   l - +2 war axe (elec)
rCold    . . .     Faith    .   c - +0 kite shield
rNeg     . . .     Spirit   .   g - +3 plate armour
rPois    .         Reflect  .   (helmet restricted)
rElec    .         Harm     .   (no cloak)
rCorr    .         Rampage  .   (no gloves)
Will     .....                  (no boots)
Stlth    ..........             r - amulet of regeneration
HPRegen  1.29/turn              p - ring of see invisible
MPRegen  0.13/turn              B - ring of Nysoptyg {Will+ Str+3}

@: hasted, studying Ice Magic, very quick
A: horns 2, no stealth, hated by all, inability to train dodging, weak-willed 1,
retaliatory headbutt
a: Renounce Religion, Draw Out Power, Power Leap, Apocalypse


You were on level 2 of the Lair of Beasts.
You worshipped Ru.
Ru was extremely pleased with you.
You visited 3 branches of the dungeon, and saw 16 of its levels.
You also visited: Ice Cave.

You collected 1002 gold pieces.
You spent 48 gold pieces at shops.

Inventory:

Hand Weapons
 a - a +1 war axe of freezing
 l - a +2 war axe of electrocution (weapon)
 F - a +0 broad axe
 I - the +9 hunting sling of Fyff {venom, Int+2}
   (You found it on level 1 of the Lair of Beasts)

   It poisons the ammo it fires.
   It affects your intelligence (+2).
Missiles
 D - 5 curare-tipped darts (quivered)
 E - 72 poisoned darts
 J - 257 stones
 O - 2 atropa-tipped darts
 P - 28 sling bullets
Armour
 c - a +0 kite shield (worn)
 g - a +3 plate armour (worn)
Jewellery
 n - a ring of ice
 p - a ring of see invisible (left hand)
 r - an amulet of regeneration (around neck)
 x - an amulet of reflection
 A - a ring of fire
 B - the ring of Nysoptyg (right hand) {Will+ Str+3}
   (You acquired it on level 12 of the Dungeon)

   [ring of willpower]

   It affects your strength (+3).
   It increases your willpower.
 G - the amulet of the Air {Inacc Fly rElec EV+5 RMsl}
   (You found it on level 13 of the Dungeon)

   [amulet of nothing]

   It affects your evasion (+5).
   It insulates you from electricity.
   It grants you flight.
   It protects you from missiles.
 H - a +6 ring of strength
 K - the necklace of Bloodlust {*Rage +Rage Will++ Int-3 Slay+6}
   (You found it on level 1 of the Lair of Beasts)

   [amulet of nothing]

   It affects your intelligence (-3).
   It affects your accuracy and damage with ranged weapons and melee attacks
   (+6).
   It lets you go berserk.
   It may make you go berserk in combat.
   It greatly increases your willpower.
 N - a ring of ice
Wands
 d - a wand of iceblast (41)
 s - a wand of paralysis (32)
 u - a wand of acid (35)
 w - a wand of digging (6)
 C - a wand of mindburst (11)
Scrolls
 b - 3 scrolls of immolation
 e - 3 scrolls of magic mapping
 f - 7 scrolls of teleportation
 h - 3 scrolls of identify {@r1}
 i - 3 scrolls of noise
 v - 4 scrolls of silence
 y - a scroll of fear
 L - a scroll of acquirement
Potions
 j - 4 potions of brilliance
 k - a potion of attraction
 m - a potion of magic
 o - 4 potions of curing
 q - a potion of mutation
 t - 3 potions of lignification
 z - 3 potions of resistance


   Skills:
 + Level 12.3 Fighting
 - Level 16.0 Axes
 + Level 5.3(6.3) Slings
 + Level 4.8(5.7) Throwing
 + Level 13.3 Armour
 + Level 12.8 Shields


You had 12 spell levels left.
You didn't know any spells.
Your spell library contained the following spells:

 Spells                   Type           Power      Damage    Failure   Level
 Apportation              Tloc           0%         N/A       99%         1
 Freeze                   Ice            0%         1d3       99%         1
 Magic Dart               Conj           0%         1d3       99%         1
 Searing Ray              Conj           0%         3d3       100%        2
 Dazzling Flash           Conj/Hex       0%         N/A       100%        3
 Frozen Ramparts          Ice            0%         1d2       100%        3
 Lesser Beckoning         Tloc           0%         N/A       100%        3
 Ozocubu's Armour         Ice            0%         N/A       100%        3
 Fulminant Prism          Conj/Hex       0%         3d6       100%        4
 Hailstorm                Conj/Ice       0%         3d3       100%        4
 Iskenderun's Mystic Bla  Conj/Tloc      0%         2d3       100%        4
 Alistair's Intoxication  Tmut/Pois      0%         N/A       100%        5
 Metabolic Englaciation   Hex/Ice        0%         N/A       100%        5
 Invisibility             Hex            0%         N/A       100%        6
 Tukima's Dance           Hex            Unusable   N/A       N/A         3

Dungeon Overview and Level Annotations

Branches:
Dungeon (13/15)            Temple (1/1) D:4            Lair (2/6) D:9
 Shoals (0/4) Lair:2          Orc (0/2) D:9          Vaults (0/5) D:13
  IceCv (visited)
  Snake: Lair:2-4    Spider: Lair:2-4

Altars:
Ashenzari
Cheibriados
Dithmenos
Elyvilon
Fedhas
Gozag
Hepliaklqana
Kikubaaqudgha
Makhleb
Nemelex Xobeh
Okawaru
Qazlal
Ru
Sif Muna
Trog
Uskayaw
Vehumet
Wu Jian
Xom
Yredelemnul
Zin
The Shining One

Shops:
D:7 *

Annotations:
D:4 1 runed translucent door, Crazy Yiuf


Innate Abilities, Weirdness & Mutations

You have a pair of horns on your head.
You cannot be stealthy.
You are hated by all.
You cannot train Dodging skill.
You are slightly weak-willed. (Will-)
You reflexively headbutt those who attack you in melee.


Message History

The 11-headed hydra bites you but does no damage. x4
The 11-headed hydra bites you. x2; The 11-headed hydra bites you!
You slice one of the 11-headed hydra's heads off!
The ten-headed hydra grows two more!
You slice the 12-headed hydra!!
Lightning courses through the 12-headed hydra!
The 12-headed hydra is almost dead.
You chop one of the 12-headed hydra's heads off!
The 11-headed hydra grows two more!
You slash the 13-headed hydra!
The 13-headed hydra is almost dead.
You block the 13-headed hydra's attack. x2; The 13-headed hydra bites you!
You block the 13-headed hydra's attack.
The 13-headed hydra bites you but does no damage. x3
The 13-headed hydra bites you!
You focus your inner power and blind the 13-headed hydra in retribution!
The 13-headed hydra bites you. x2
* * * LOW HITPOINT WARNING * * *
The 13-headed hydra bites you but does no damage. x2
The 13-headed hydra barely misses you.
You slice one of the 13-headed hydra's heads off!
The 12-headed hydra grows two more!
You slash the 14-headed hydra!
The 14-headed hydra is severely wounded.
You slice one of the 14-headed hydra's heads off!
The 13-headed hydra grows two more!
You hit the 15-headed hydra.
Lightning courses through the 15-headed hydra!
You headbutt the 15-headed hydra!
The 15-headed hydra is almost dead.
You block the 15-headed hydra's attack. x2
The 15-headed hydra bites you but does no damage. x3
You block the 15-headed hydra's attack. The 15-headed hydra bites you.
* * * LOW HITPOINT WARNING * * *
The 15-headed hydra bites you!
* * * LOW HITPOINT WARNING * * *
The 15-headed hydra bites you.
* * * LOW HITPOINT WARNING * * *
The 15-headed hydra bites you!
* * * LOW HITPOINT WARNING * * *
The 15-headed hydra barely misses you.
The 15-headed hydra bites you but does no damage.
The 15-headed hydra bites you.
You die...

###..........
#..........
#..#.......
#P.#.......
##.#.......
####.........#
#.#...P......
#...........
##@#........
##D........
.#####... ..
#.. .## .# .#
..


You could see a 15-headed hydra (blind).

Vanquished Creatures
  A boulder beetle (D:13)
  A catoblepas (D:13)
  3 hydras
  5 two-headed ogres
  Erica (Lair:2)
  2 tengu warriors (D:13)
  A death yak (Lair:2)
  A deep elf pyromancer (D:12)
  A necromancer (IceCv)
  An ugly thing (D:13)
  A cyclops (D:13)
  A manticore (D:13)
  3 black mambas (Lair:2)
  5 elephants (Lair:2)
  A torpor snail (Lair:2)
  5 gargoyles
  9 cane toads
  An ice statue (IceCv)
  Maggie (D:6)
  A kobold demonologist (D:11)
  An unseen horror (D:11)
  10 freezing wraiths (IceCv)
  9 komodo dragons
  A troll (D:9)
  Grinder (D:4)
  7 blink frogs
  Sigmund (D:3)
  31 yaks
  A water elemental (D:12)
  3 shadows
  2 wraiths
  2 vampires
  2 wyverns
  4 basilisks
  2 vampire mosquitoes (D:12)
  9 water moccasins
  2 orc warriors
  A hornet zombie (D:9)
  7 ice beasts
  A necrophage (D:6)
  3 ogres
  6 centaurs
  9 wolves (Lair:2)
  2 phantoms (D:9)
  11 kobold brigands (D:11)
  10 bullfrogs
  A gnoll sergeant (D:9)
  5 scorpions
  3 troll zombies (D:9)
  3 killer bees (D:8)
  An elephant simulacrum (IceCv)
  13 wights
  3 electric eels
  2 howler monkeys
  2 bullfrog zombies
  3 centaur zombies
  5 draconian simulacra (IceCv)
  4 jellies
  A bullfrog skeleton (D:7)
  A centaur skeleton (D:5)
  4 orc priests
  3 gnoll shamans
  9 hounds
  Terence (D:3)
  10 orc wizards
  Natasha (thrice) (D:3)
  2 iguanas
  3 polar bear simulacra (IceCv)
  3 spriggan simulacra (IceCv)
  5 troll simulacra (IceCv)
  3 centaur simulacra (IceCv)
  3 ogre zombies (D:9)
  A hound zombie (D:5)
  A howler monkey zombie (D:7)
  15 gnolls
  2 naga simulacra (IceCv)
  5 adders
  2 ogre simulacra (IceCv)
  3 shadow imps
  26 white imps
  2 worms
  2 dart slugs
  27 orcs
  8 endoplasms
  4 giant cockroaches (D:2)
  12 goblins
  5 hobgoblins
  7 jackals
  3 quokkas
  3 ball pythons
  8 bats
  2 frilled lizards
  5 goblin skeletons
  3 goblin zombies
  3 hobgoblin zombies (D:9)
  26 kobolds
  11 kobold skeletons
  9 kobold zombies
  7 orc skeletons
  9 orc zombies
  6 rats
496 creatures vanquished.

Vanquished Creatures (others)
  A two-headed ogre (D:11)
  16 fungi
  47 plants
64 creatures vanquished.

Grand Total: 560 creatures vanquished

Notes
Turn   | Place    | Note
-------+----------+-------------------------------------------
     0 | D:1      | leviel the Minotaur Fighter began the quest for the Orb.
     0 | D:1      | Reached XP level 1. HP: 19/19 MP: 0/0
     6 | D:1      | Noticed an anaconda
     7 | D:1      | Noticed a hog
     7 | D:1      | Noticed a wyvern
   356 | D:1      | Reached XP level 2. HP: 26/27 MP: 1/1
  1175 | D:2      | Reached XP level 3. HP: 32/33 MP: 2/2
  1236 | D:2      | Reached skill level 3 in Axes
  1273 | D:2      | Noticed a centaur
  1281 | D:2      | Killed a centaur
  1282 | D:2      | Reached XP level 4. HP: 27/41 MP: 3/3
  1466 | D:2      | Reached skill level 4 in Axes
  1932 | D:2      | Reached XP level 5. HP: 47/47 MP: 4/4
  2127 | D:3      | Noticed Sigmund
  2132 | D:3      | Killed Sigmund
  2133 | D:3      | Reached skill level 5 in Axes
  2133 | D:3      | Reached skill level 5 in Armour
  2133 | D:3      | Reached skill level 5 in Shields
  2133 | D:3      | Reached XP level 6. HP: 42/53 MP: 5/5
  2333 | D:3      | Found a snail-covered altar of Cheibriados.
  2443 | D:3      | Found a faded altar of an unknown god.
  2504 | D:3      | Noticed Natasha
  2516 | D:3      | Killed Natasha
  2618 | D:3      | Noticed Terence
  2625 | D:3      | Killed Terence
  3252 | D:3      | Noticed Natasha
  3257 | D:3      | Killed Natasha
  3453 | D:3      | Noticed Natasha
  3471 | D:3      | Killed Natasha
  3904 | D:4      | Found a stormy altar of Qazlal.
  3904 | D:4      | Found a glowing silver altar of Zin.
  3904 | D:4      | Found an iron altar of Okawaru.
  3908 | D:4      | Reached XP level 7. HP: 58/60 MP: 6/6
  3955 | D:4      | Found an ornate altar of the Wu Jian Council.
  3957 | D:4      | Found a burning altar of Makhleb.
  3957 | D:4      | Found a hide-covered altar of Uskayaw.
  3963 | D:4      | Found a sacrificial altar of Ru.
  3971 | D:4      | Became a worshipper of Ru the Awakened
  3980 | D:4      | Found a staircase to the Ecumenical Temple.
  4001 | Temple   | Entered the Ecumenical Temple
  4236 | D:4      | Found a shimmering blue altar of Sif Muna.
  4772 | D:4      | Found a runed translucent door.
  4773 | D:4      | Noticed Crazy Yiuf
  4829 | D:4      | Noticed Grinder
  4848 | D:4      | Killed Grinder
  4849 | D:4      | Reached skill level 5 in Fighting
  4849 | D:4      | Reached skill level 6 in Axes
  5052 | D:4      | Found a basalt altar of Yredelemnul.
  5128 | D:5      | Entered Level 5 of the Dungeon
  5371 | D:5      | Found a shadowy altar of Dithmenos.
  5385 | D:5      | You fall into a shaft and drop 3 floors!
  5435 | D:7      | Reached skill level 7 in Axes
  5448 | D:7      | Gained mutation: You are hated by all. [Ru sacrifice]
  5448 | D:7      | Reached * piety under Ru
  5448 | D:7      | Reached ** piety under Ru
  5518 | D:7      | Reached skill level 1 in Dodging
  5518 | D:7      | Reached XP level 8. HP: 59/68 MP: 7/7
  5671 | D:7      | Noticed an angel
  5678 | D:7      | Found Vogh's Hallowed Reliquary.
  5698 | D:7      | Bought a potion of curing for 48 gold pieces
  5951 | D:6      | Reached skill level 8 in Axes
  6043 | D:6      | Noticed Maggie
  6060 | D:6      | Killed Maggie
  6061 | D:6      | Reached skill level 9 in Axes
  6157 | D:6      | Reached skill level 1 in Stealth
  6157 | D:6      | Reached XP level 9. HP: 75/75 MP: 8/8
  6257 | D:5      | Found an opulent altar of Gozag.
  7293 | D:8      | Reached skill level 10 in Axes
  7428 | D:8      | Found a glowing golden altar of the Shining One.
  8458 | D:9      | Reached skill level 11 in Axes
  8467 | D:9      | Found a staircase to the Orcish Mines.
  8471 | D:9      | Reached XP level 10. HP: 80/86 MP: 9/9
  8738 | D:9      | Reached skill level 12 in Axes
  8761 | D:9      | Found a staircase to the Lair.
  9063 | D:9      | Gained mutation: You cannot be stealthy. [Ru sacrifice]
  9219 | D:9      | Reached skill level 10 in Armour
  9386 | D:10     | Entered Level 10 of the Dungeon
  9594 | D:10     | Noticed a gargoyle
  9607 | D:10     | Killed a gargoyle
  9608 | D:10     | Reached XP level 11. HP: 20/95 MP: 10/10
 10162 | D:10     | Reached skill level 13 in Axes
 10479 | D:11     | Noticed a two-headed ogre
 10487 | D:11     | Killed a two-headed ogre
 10488 | D:11     | Reached skill level 10 in Shields
 10865 | D:11     | Noticed a two-headed ogre
 10875 | D:11     | Killed a two-headed ogre
 11335 | D:11     | Found an ancient bone altar of Kikubaaqudgha.
 11627 | D:11     | Gained mutation: You are slightly weak-willed. (Will-) [Ru
                  | sacrifice]
 11627 | D:11     | Reached *** piety under Ru
 11627 | D:11     | Reached **** piety under Ru
 11792 | D:12     | Noticed a two-headed ogre
 11804 | D:12     | Killed a two-headed ogre
 11805 | D:12     | Reached skill level 10 in Fighting
 11805 | D:12     | Reached skill level 14 in Axes
 12152 | D:12     | Noticed a deep elf pyromancer
 12160 | D:12     | Killed a deep elf pyromancer
 12820 | D:12     | Identified a scroll of acquirement
 12820 | D:12     | Acquired the ring of Nysoptyg {Will+ Str+3}
 12852 | D:13     | Noticed a two-headed ogre
 12859 | D:13     | Killed a two-headed ogre
 12875 | D:13     | Reached XP level 12. HP: 89/106 MP: 11/11
 12901 | D:13     | Noticed a boulder beetle
 12915 | D:13     | Killed a boulder beetle
 12931 | D:13     | Found the amulet of the Air {Inacc Fly rElec EV+5 RMsl}
 12982 | D:13     | Noticed a tengu warrior
 12983 | D:13     | Noticed a tengu warrior
 12983 | D:13     | Noticed a catoblepas
 13017 | D:13     | Killed a catoblepas
 13021 | D:13     | Noticed a two-headed ogre
 13035 | D:13     | Killed a two-headed ogre
 13267 | D:13     | Noticed a two-headed ogre
 13272 | D:13     | Killed a two-headed ogre
 13330 | D:13     | Killed a tengu warrior
 13331 | D:13     | Reached skill level 15 in Axes
 13336 | D:13     | Killed a tengu warrior
 13560 | D:13     | Found a gate to the Vaults.
 13560 | D:13     | Noticed a vault guard
 13560 | D:13     | Noticed a tengu warrior
 13560 | D:13     | Noticed a vault guard
 13560 | D:13     | Noticed a vault guard
 13560 | D:13     | Noticed a seven-headed hydra
 13560 | D:13     | Noticed a vault guard
 13560 | D:13     | Noticed a boulder beetle
 13693 | Lair:1   | Entered Level 1 of the Lair of Beasts
 13856 | Lair:1   | Found the necklace of Bloodlust {*Rage +Rage Will++ Int-3
                  | Slay+6}
 13859 | Lair:1   | Identified the +9 hunting sling of Fyff {venom, Int+2}
 13929 | Lair:1   | Gained mutation: You cannot train Dodging skill. [Ru
                  | sacrifice]
 13929 | Lair:1   | Reached ***** piety under Ru
 13946 | Lair:1   | Identified the +0 robe "Teoch" {Harm SInv}
 13967 | Lair:1   | Reached skill level 1 in Slings
 13968 | Lair:1   | Noticed a seven-headed hydra
 13971 | Lair:1   | Killed a seven-headed hydra
 13972 | Lair:1   | Reached skill level 1 in Throwing
 14325 | Lair:1   | Noticed a five-headed hydra
 14334 | Lair:1   | Killed a 12-headed hydra
 14655 | Lair:2   | Reached XP level 13. HP: 94/116 MP: 12/12
 14721 | Lair:2   | Noticed Erica
 14729 | Lair:2   | Killed Erica
 14813 | Lair:2   | Found a staircase to the Shoals.
 14969 | Lair:2   | Reached skill level 16 in Axes
 15045 | Lair:2   | Found a snail-covered altar of Cheibriados.
 15086 | Lair:2   | Found a frozen archway.
 15116 | IceCv    | Entered an ice cave
 15694 | IceCv    | Found an ancient bone altar of Kikubaaqudgha.
 16325 | Lair:2   | Reached skill level 5 in Slings
 16715 | Lair:2   | HP: 1/119 [15-headed hydra (13)]
 16715 | Lair:2   | Slain by a 15-headed hydra

Illustrated notes

Levels and vault maps discovered:
D:1:      onia_arrival_zoo_common, layout_basic
D:2:      layout_basic
D:3:      layout_loops_ring, nicolae_overflow_crystal_walls,
          ebering_ecumenical_altar_petrified, serial_rivers,
          chequers_serial_rivers_large_b, chequers_serial_rivers_micro_d,
          chequers_serial_rivers_micro_e, chequers_serial_rivers_small_a,
          uniq_terence, uniq_natasha, uniq_sigmund
D:4:      layout_rooms, grunt_temple_overflow_open,
          nicolae_overflow_hidden_temple, kennysheep_little_box,
          minmay_temple_entry_gardened_gates, minmay_quadrilaterals,
          uniq_grinder, uniq_crazy_yiuf_cottage
D:5:      kennysheep_big_flooded_room, layout_loops_ring, kennysheep_mini,
          nicolae_dithmenos_the_darkroom, minivault_1
D:6:      layout_cave_pools, grunt_ministairs_4, uniq_maggie
D:7:      layout_cave_pools, nicolae_good_shop
D:8:      old_forge, layout_layer_cave, nicolae_tso_besieged_by_evil
D:9:      layout_loops_cross, erik_lair_island, zombieorc1_lemuel,
          kennysheep_donut
D:10:     layout_stronghold
D:11:     wander_kiku_kobolds, layout_basic
D:12:     layout_basic
D:13:     layout_rooms, lightli_vaults_fourway_checkpoint, serial_bayou_pond_c
Temple:   jpeg_temple_island
Lair:1:   layout_hall_layers, lemuel_fruit_tree
Lair:2:   nzn_winding_woodlands_stair_cross [nzn_winding_woodlands_5x15_default,
          nzn_winding_woodlands_center_triple_pond,
          nzn_winding_woodlands_5x15_sawtooth,
          nzn_winding_woodlands_5x5_open_star,
          nzn_winding_woodlands_5x5_perimeter,
          nzn_winding_woodlands_5x15_pathside_ponds,
          nzn_winding_woodlands_center_pierced_h,
          nzn_winding_woodlands_5x15_lazy_stream], layout_layer_cave,
          minmay_shoals_entry_centaurs, portal_ice_cave_entry_imps, basic_altar,
          grunt_megastairs_3, uniq_erica

Skill      XL: |  1  2  3  4  5  6  7  8  9 10 11 12 13 |
---------------+----------------------------------------+-----
Armour         | 4 5 6 7 9 10 11 12 13 | 13.3
Fighting       | 4 5 7 8 10 11 12 | 12.3
Shields        | 4 5 6 7 8 9 10 11 12 | 12.8
Axes           | 3 4 5 7 9 11 12 14 15 16 | 16.0
Dodging        | 1 2 0 |  0.0
Stealth        | 1 0 |  0.0
Slings         | 2 5 |  5.3
Throwing       | 2 4 |  4.8

Action                   |  1- 3 |  4- 6 |  7- 9 | 10-12 | 13-15 || total
-------------------------+-------+-------+-------+-------+-------++-------
Melee: War axe           |    48 |   110 |   330 |   649 |   342 ||  1479
       Headbutt          |     6 |    18 |    68 |   149 |    88 ||   329
Invok: Sacrifice Love    |       |       |     1 |       |       ||     1
       Sacrifice Stealth |       |       |       |     1 |       ||     1
       Sacrifice Essence |       |       |       |     1 |       ||     1
       Apocalypse        |       |       |       |     1 |     1 ||     2
       Power Leap        |       |       |       |     1 |       ||     1
       Sacrifice Nimblen |       |       |       |     1 |       ||     1
       Reject Sacrifices |       |       |       |       |     1 ||     1
  Use: Potion            |       |     6 |       |     4 |     2 ||    12
       Scroll            |       |       |    13 |    14 |       ||    27
 Stab: Distracted        |       |       |     1 |     2 |     1 ||     4
       Invisible         |       |       |       |     6 |     1 ||     7
       Paralysed         |       |       |       |     1 |       ||     1
Armor: Scale mail        |    10 |       |       |       |       ||    10
       Plate armour      |    23 |    71 |   143 |   247 |   138 ||   622
Dodge: Dodged            |    14 |    28 |    69 |   130 |    65 ||   306
Block: Kite shield       |    39 |    68 |   196 |   306 |   176 ||   785

Table legend: (Time is in decaauts)
 A = Elapsed time spent in this place.
 B = Non-inter-level travel time spent in this place.
 C = Inter-level travel time spent in this place.
 D = Time resting spent in this place.
 E = Time spent auto-exploring this place.
 F = Levels seen in this place.
 G = Mean time per level.
                   A        B        C        D        E       F      G
               +--------+--------+--------+--------+--------+-----+--------+
         Total |  16885 |  16147 |    738 |   2418 |  10847 |  17 |  993.2 |
       Dungeon |  13669 |  12983 |    686 |   1810 |   8961 |  13 | 1051.5 |
        Temple |    271 |    246 |     25 |      0 |    245 |   1 |  271.0 |
          Lair |   2049 |   2022 |     27 |    209 |   1365 |   2 | 1024.5 |
      Ice Cave |    894 |    894 |      0 |    399 |    275 |   1 |  894.0 |
               +--------+--------+--------+--------+--------+-----+--------+

Top non-repeatable levels by time:
     D:3: 1988 daAuts
     D:8: 1441 daAuts
    D:11: 1358 daAuts
  Lair:2: 1235 daAuts
    D:12: 1207 daAuts
     D:1: 1095 daAuts
     D:4: 1076 daAuts
     D:9: 1045 daAuts
    D:10: 966 daAuts
     D:2: 921 daAuts
   IceCv: 894 daAuts
  Lair:1: 814 daAuts
    D:13: 727 daAuts
     D:5: 708 daAuts
     D:6: 629 daAuts
